 Dungeon Crawl Stone Soup version 0.30-a0-702-gdf48620a09 (webtiles) character file.

Game seed: 15676266506133079959

9767 Oxelix the Severer (level 11, -1/102 HPs)
             Began as a Minotaur Berserker on Jan 21, 2023.
             Was a High Priest of Trog.
             Slain by a water moccasin (2 damage)
             ... on level 10 of the Dungeon.
             The game lasted 00:17:58 (10901 turns).

Oxelix the Severer (Minotaur Berserker)            Turns: 10901, Time: 00:17:59

Health: -1/102     AC:  8    Str: 26    XL:     11   Next: 27%
Magic:  10/10      EV: 11    Int:  4    God:    Trog [*****.]
Gold:   596        SH:  5    Dex: 10    Spells: 10/10 levels left

rFire   + . .      SeeInvis .    l - +1 broad axe (heavy)
rCold   . . .      Faith    .    u - +0 buckler
rNeg    . . .      Spirit   .    q - +0 swamp dragon scales
rPois   +          Reflect  .    (helmet restricted)
rElec   .          Harm     .    (no cloak)
rCorr   .          Rampage  .    (no gloves)
Will    .....                    (no boots) Stlth
                                 (no amulet)
HPRegen 0.37/turn                y - ring of protection from fire
MPRegen 0.12/turn                (no ring)

@: no status effects
A: horns 2, retaliatory headbutt
a: Renounce Religion, Berserk, Trog's Hand, Brothers in Arms


You were on level 10 of the Dungeon.
You worshipped Trog.
Trog was extremely pleased with you.
You visited 2 branches of the dungeon, and saw 11 of its levels.
You also visited: Bailey.

You collected 596 gold pieces.

Inventory:

Hand Weapons
 l - a +1 heavy broad axe (weapon)
 s - a +3 flail
 G - a +3 arbalest
 H - a +3 trident
 O - a +2 heavy battleaxe
Missiles
 b - 4 boomerangs
 k - 12 poisoned darts (quivered)
 L - 4 curare-tipped darts
Armour
 q - +0 swamp dragon scales (worn)
 u - a +0 buckler (worn)
 C - a +0 chain mail
Jewellery
 x - a ring of magical power
 y - a ring of protection from fire (left hand)
Wands
 p - a wand of flame (33)
 A - a wand of light (11)
 E - a wand of roots (7)
 M - a wand of polymorph (12)
 Q - a wand of charming (5)
Scrolls
 a - a scroll of noise {unknown}
 e - 4 scrolls of poison {unknown}
 h - a scroll of enchant armour {unknown}
 j - 2 scrolls of teleportation
 o - 2 scrolls of blinking {unknown}
 w - 2 scrolls of fear {unknown}
 B - a scroll of immolation {unknown}
 I - 4 scrolls of enchant weapon
 N - a scroll of identify
 P - a scroll of brand weapon {unknown}
Potions
 c - a potion of degeneration {unknown}
 d - a potion of magic {unknown}
 f - 2 potions of berserk rage
 g - 2 potions of heal wounds
 i - a potion of might
 m - 2 potions of invisibility
 n - a potion of resistance {unknown}
 r - a potion of flight {unknown}
 t - 2 potions of curing {unknown}
 v - a potion of mutation {unknown}
 z - a potion of haste {unknown}
 D - a potion of attraction {unknown}
 F - a potion of brilliance {unknown}
 K - 2 potions of ambrosia {unknown}
Miscellaneous
 J - a phial of floods


   Skills:
 - Level 11.0 Fighting
 * Level 16.6 Axes
 - Level 1.0(10.9) Maces & Flails
 + Level 6.1 Armour
 - Level 2.1 Dodging
 + Level 5.4 Shields


You had 10 spell levels left.
You didn't know any spells.
Your spell library was empty.

Dungeon Overview and Level Annotations

Branches:
Dungeon (9/15)             Temple (1/1) D:5          Bailey (visited)
   Lair: D:8-11         Orc: D:9-12

Altars:
Ashenzari
Cheibriados
Dithmenos
Elyvilon
Fedhas
Gozag
Hepliaklqana
Kikubaaqudgha
Makhleb
Nemelex Xobeh
Okawaru
Qazlal
Ru
Sif Muna
Trog
Vehumet
Wu Jian
Xom
Yredelemnul
Zin
The Shining One


Innate Abilities, Weirdness & Mutations

You have a pair of horns on your head.
You reflexively headbutt those who attack you in melee.


Message History

You chop the freezing wraith into pieces!!!
You destroy the freezing wraith!
Trog accepts your kill.
The centaur shoots an arrow.
The arrow barely misses you.
The centaur shoots an arrow.
The arrow hits you.
* * * LOW HITPOINT WARNING * * *
You hear an angry hiss.
You feel much better.
The centaur shoots an arrow.
The arrow closely misses you.
You feel much better.
The centaur shoots an arrow.
The arrow hits you.
The centaur shoots an arrow.
The arrow hits you. The efreet gestures at you.
The fireball explodes!
The fireball engulfs you! You resist.
You hear a croak.
You hear an angry hiss.
You hear a shout! x2
You hear a bellow!
You hear an angry hiss.
The centaur shoots an arrow.
The arrow hits you!
The centaur shoots an arrow.
You block the arrow.
The centaur shoots an arrow.
The arrow completely misses you.
The centaur unwields a +0 shortbow.
The centaur hits you but does no damage.
The centaur kicks you but does no damage.
A water moccasin comes into view.
The centaur hits you but does no damage.
The centaur kicks you but does no damage.
You chop the centaur into pieces!!!
You kill the centaur!
Trog accepts your kill.
You slash the water moccasin! The water moccasin bites you.
* * * LOW HITPOINT WARNING * * *
The efreet gestures at you. The bolt of fire hits you! You resist.
* * * LOW HITPOINT WARNING * * *
You block the water moccasin's attack. You block the water moccasin's attack.
You feel yourself speed up. The efreet gestures at you.
The bolt of fire hits you!! You resist.
* * * LOW HITPOINT WARNING * * *
The water moccasin bites you.
You die...

..########.#.°○
......####.#°######.#.
............°........
..########.#°#......#
###≈.≈####.#.#.#....#
#._.#....#°#.#....#
#...#####.)R.....[#
#≈.≈# #.†.......#
###≈.≈# #....S@<#.
..#≈.≈# #....)###
..#...# #...........
..#...## ##.######...
.......# #.. .
.#.[..## ### .#....#
.#....### ..........


You could see an efreet and a water moccasin.

Vanquished Creatures
  An orc knight (Bailey)
  Maggie (D:6)
  An efreet (D:10)
  A freezing wraith (D:10)
  A troll (D:10)
  Sigmund (D:5)
  2 wyverns (D:8)
  10 yaks (D:8)
  Grum (D:10)
  Menkaure (D:5)
  5 water moccasins
  13 orc warriors
  3 ice beasts
  3 sky beasts
  2 black bears (D:6)
  2 ogres
  4 wolves (D:10)
  4 centaurs
  3 phantoms
  A kobold brigand (D:7)
  8 bullfrogs
  A gnoll sergeant (D:8)
  5 scorpions
  3 necrophages
  4 wights (D:8)
  4 howler monkeys
  6 hounds
  A jelly (D:4)
  9 orc priests
  5 iguanas
  8 orc wizards
  A mummy (D:8)
  21 gnolls
  8 adders
  A shadow imp (D:6)
  3 white imps
  A worm (D:2)
  2 dart slugs
  52 orcs
  7 endoplasms
  4 giant cockroaches
  7 goblins
  4 hobgoblins
  16 jackals
  A quokka (D:5)
  8 ball pythons
  4 bats
  3 frilled lizards
  A goblin zombie (D:8)
  10 kobolds
  An orc zombie (D:8)
  4 rats
273 creatures vanquished.

Vanquished Creatures (others)
  An orc wizard (D:10)
  55 fungi (D:10)
  52 plants (D:10)
108 creatures vanquished.

Grand Total: 381 creatures vanquished

Notes
Turn   | Place    | Note
-------+----------+-------------------------------------------
     0 | D:1      | Oxelix the Minotaur Berserker began the quest for the Orb.
     0 | D:1      | Reached XP level 1. HP: 19/19 MP: 0/0
    96 | D:1      | Reached skill level 4 in Axes
   100 | D:1      | Reached XP level 2. HP: 26/27 MP: 1/1
   452 | D:1      | Found a faded altar of an unknown god.
   456 | D:1      | Reached XP level 3. HP: 33/33 MP: 2/2
   655 | D:2      | Reached ** piety under Trog
   726 | D:2      | Reached skill level 5 in Axes
   878 | D:2      | Reached XP level 4. HP: 41/41 MP: 3/3
  1191 | D:3      | Noticed a scorpion
  1202 | D:3      | Killed a scorpion
  1203 | D:3      | Reached skill level 5 in Fighting
  1203 | D:3      | Reached skill level 6 in Axes
  1203 | D:3      | Reached XP level 5. HP: 40/48 MP: 4/4
  2103 | D:3      | Reached *** piety under Trog
  2408 | D:4      | Reached skill level 7 in Axes
  2408 | D:4      | Reached XP level 6. HP: 53/56 MP: 5/5
  2629 | D:4      | Found an iron altar of Okawaru.
  2630 | D:4      | Found a hazy altar of Hepliaklqana.
  2631 | D:4      | Found a burning altar of Makhleb.
  3520 | D:5      | Entered Level 5 of the Dungeon
  3553 | D:5      | Reached skill level 1 in Maces & Flails
  3607 | D:5      | Found a staircase to the Ecumenical Temple.
  3665 | Temple   | Entered the Ecumenical Temple
  3665 | Temple   | Found a transporter.
  3665 | Temple   | Found a transporter.
  3671 | Temple   | Found a transporter.
  3671 | Temple   | Found a transporter.
  3738 | D:5      | Noticed Sigmund
  3767 | D:5      | Noticed Menkaure
  3772 | D:5      | Killed Menkaure
  3773 | D:5      | Reached skill level 8 in Axes
  3773 | D:5      | Reached XP level 7. HP: 25/63 MP: 6/6
  3781 | D:5      | Killed Sigmund
  3782 | D:5      | Reached skill level 9 in Axes
  4690 | D:6      | Reached XP level 8. HP: 38/73 MP: 7/7
  4816 | D:6      | Reached skill level 10 in Axes
  4914 | D:6      | Found an opulent altar of Gozag.
  5100 | D:6      | Noticed Maggie
  5105 | D:6      | Reached skill level 11 in Axes
  5113 | D:6      | Killed Maggie
  5427 | D:6      | Reached **** piety under Trog
  5429 | D:6      | Reached XP level 9. HP: 82/82 MP: 8/8
  5433 | D:6      | Reached skill level 12 in Axes
  5630 | D:6      | Reached skill level 13 in Axes
  6217 | D:7      | Reached skill level 10 in Fighting
  6406 | D:7      | Found a flagged portal.
  6420 | Bailey   | Entered a bailey
  6787 | Bailey   | Reached skill level 14 in Axes
  7272 | Bailey   | Reached XP level 10. HP: 36/94 MP: 9/9
  7479 | Bailey   | Reached ***** piety under Trog
  7484 | Bailey   | Noticed an orc knight
  7506 | Bailey   | Killed an orc knight
  7936 | D:7      | Found an ancient bone altar of Kikubaaqudgha.
  8085 | D:7      | Reached skill level 15 in Axes
  8085 | D:7      | Reached skill level 1 in Shields
  8943 | D:8      | Reached skill level 16 in Axes
  8943 | D:8      | Reached skill level 5 in Armour
  9419 | D:8      | Reached XP level 11. HP: 99/101 MP: 10/10
 10219 | D:9      | Found a sacrificial altar of Ru.
 10264 | D:9      | You fall into a shaft and drop 1 floor!
 10264 | D:10     | Entered Level 10 of the Dungeon
 10307 | D:10     | Found a snail-covered altar of Cheibriados.
 10477 | D:10     | Noticed a centaur warrior
 10511 | D:10     | Received a gift from Trog
 10595 | D:10     | Noticed Grum
 10598 | D:10     | Killed Grum
 10599 | D:10     | Reached skill level 5 in Shields
 10759 | D:10     | Found a basalt altar of Yredelemnul.
 10877 | D:10     | Identified the ring "Rasi" {rC+ rCorr Int+6 Dex+6}
 10901 | D:10     | HP: 1/102 [efreet/bolt of fire (19)]
 10901 | D:10     | Slain by a water moccasin

Illustrated notes

Levels and vault maps discovered:
D:1:      lightli_iron_boxes, layout_basic, ebering_ecumenical_altar_mist
D:2:      layout_basic, serial_rivers, chequers_serial_rivers_room_b,
          chequers_serial_rivers_micro_d, chequers_serial_rivers_micro_a,
          chequers_serial_rivers_small_b, fountainhead
D:3:      layout_basic, grunt_ministairs_15
D:4:      layout_basic, chequers_temple_overflow_statue_of_worship
D:5:      layout_basic, minmay_temple_entry_antechambers, uniq_menkaure,
          uniq_sigmund
D:6:      layout_loops_ring, nicolae_gozag_cash_rules_everything_around_me,
          st_stairs_2, nrook_uturn, minmay_pentangle, uniq_maggie
D:7:      layout_loops_corners, amcnicky_altar_gilded, enter_bailey_2
D:8:      layout_basic, nicolae_ossuary_entry_giza, grunt_ministairs_1,
          minivault_1
D:9:      layout_basic, nicolae_uskayaw_suspiria,
          nicolae_ru_great_annihilating_truth
D:10:     minmay_the_grid_triangle_9x9_recursive_2_mashed
          [minmay_the_grid_triangle_9x9_prize_special,
          minmay_the_grid_triangle_9x9_intruding_spiral,
          minmay_the_grid_triangle_9x9_sparse_checkered,
          minmay_the_grid_triangle_9x9_shrine], layout_basic,
          kennysheep_mini_moat, pf_just_have_faith, due_lair_maze_entry_diamond,
          uniq_grum, uniq_maurice
Temple:   hellmonk_temple_divided_pantheon

Skill      XL: |  1  2  3  4  5  6  7  8  9 10 11 |
---------------+----------------------------------+-----
Axes           | 4 5 6 7 8 9 11 14 16 | 16.6
Fighting       | 4 5 6 7 8 10 11 | 11.0
Maces & Flails | 1 |  1.0
Shields        | 4 5 |  5.4
Armour         | 5 6 |  6.1
Dodging        | |  2.1

Action                   |  1- 3 |  4- 6 |  7- 9 | 10-12 || total
-------------------------+-------+-------+-------+-------++-------
Melee: Hand axe          |    55 |   116 |    98 |       ||   269
       Headbutt          |     7 |    16 |    24 |    24 ||    71
       Flail             |       |     5 |       |       ||     5
       Punch             |       |     1 |       |       ||     1
       Broad axe         |       |       |    98 |   156 ||   254
Throw: Boomerang         |    25 |    17 |    14 |       ||    56
       Dart              |       |       |     2 |       ||     2
Invok: Berserk           |     1 |     2 |     4 |     2 ||     9
  Use: Scroll            |       |       |     5 |       ||     5
       Potion            |       |       |     2 |     2 ||     4
 Stab: Sleeping          |     1 |       |       |       ||     1
       Paralysed         |       |       |       |     1 ||     1
Armor: Ring mail         |    24 |    39 |    15 |       ||    78
       Chain mail        |       |       |    10 |       ||    10
       Swamp dragon scal |       |       |    45 |    44 ||    89
Dodge: Dodged            |    45 |    73 |   128 |   110 ||   356
Block: Buckler           |       |       |    24 |    33 ||    57

Table legend: (Time is in decaauts)
 A = Elapsed time spent in this place.
 B = Non-inter-level travel time spent in this place.
 C = Inter-level travel time spent in this place.
 D = Time resting spent in this place.
 E = Time spent auto-exploring this place.
 F = Levels seen in this place.
 G = Mean time per level.
                   A        B        C        D        E       F      G
               +--------+--------+--------+--------+--------+-----+--------+
         Total |  11091 |  10636 |    455 |   2406 |   6148 |  12 |  924.2 |
       Dungeon |   9682 |   9236 |    446 |   1540 |   6030 |  10 |  968.2 |
        Temple |     36 |     27 |      9 |      0 |      6 |   1 |   36.0 |
        Bailey |   1373 |   1373 |      0 |    866 |    112 |   1 | 1373.0 |
               +--------+--------+--------+--------+--------+-----+--------+

Top non-repeatable levels by time:
     D:6: 1474 daAuts
     D:8: 1432 daAuts
  Bailey: 1373 daAuts
     D:4: 1368 daAuts
     D:7: 1253 daAuts
     D:5: 1221 daAuts
     D:3: 1069 daAuts
    D:10: 649 daAuts
     D:1: 617 daAuts
     D:2: 505 daAuts
     D:9: 90 daAuts
  Temple: 36 daAuts
